 Dungeon Crawl Stone Soup version 0.29.1-15-g9cfb28693d (webtiles) character file.

Game seed: 2571058096413800470

74 Tsab79 the Magician (level 4, -3/31 HPs)
             Began as a Djinni Ice Elementalist on Apr 7, 2023.
             Slain by an ice beast (16 damage)
             ... on level 3 of the Dungeon.
             The game lasted 00:16:21 (6518 turns).

Tsab79 the Magician (Djinni Ice Elementalist)       Turns: 6518, Time: 00:16:22

Health: -3/31      AC:  2    Str:  7    XL:     4   Next: 54%
Gold:   118        EV: 12    Int: 18    God:
                   SH:  0    Dex: 14

rFire   + + .      SeeInvis .   d - +1 short sword (freeze)
rCold   x . .      Faith    .   (no shield)
rNeg    . . .      Spirit   .   a - +0 robe
rPois   ∞          Reflect  .   (no helmet)
rElec   .          Harm     .   (no cloak)
rCorr   .          Rampage  .   (no gloves)
Will    .....                   (boots unavailable)
Stlth   ++........              (no amulet)
HPRegen 0.10/turn               f - ring of poison resistance
MPRegen 0.00/turn               (no ring)

@: flying
A: sickness immunity, fire resistance 2, cold vulnerability 1, float, innate
caster, HP casting, extra vitality 1
a: no special abilities


You were on level 3 of the Dungeon.
You visited 1 branch of the dungeon, and saw 3 of its levels.

You collected 118 gold pieces.

Inventory:

Hand Weapons
 d - a +1 short sword of freezing (weapon)
 k - a +0 dagger of speed
Armour
 a - a +0 robe (worn)
Jewellery
 f - a ring of poison resistance (left hand)
Scrolls
 j - 2 scrolls of immolation
Potions
 b - 2 potions of mutation
 c - a potion of attraction {unknown}
 e - a potion of degeneration {unknown}
 g - a potion of haste {unknown}
 h - 2 potions of curing


   Skills:
 + Level 0.2 Short Blades
 + Level 2.5 Dodging
 + Level 2.0 Stealth
 + Level 0.1 Unarmed Combat
 + Level 4.2 Spellcasting


You couldn't memorise any spells.
You knew the following spells:

 Your Spells              Type           Power      Damage    Failure   Level
a - Freeze                Ice            76%        1d9       2%          1
b - Frozen Ramparts       Ice            38%        1d6       8%          3
c - Ozocubu's Armour      Ice            19%        N/A       8%          3
d - Hailstorm             Conj/Ice       19%        3d6       26%         4
e - Sandblast             Erth           38%        2d10      2%          1
Your spell library was empty.

Dungeon Overview and Level Annotations

Branches:
Dungeon (3/15)

Altars:


Innate Abilities, Weirdness & Mutations

You are immune to sickness and miasma.
You are immune to poison.
Your flesh is very heat resistant. (rF++)
You are vulnerable to cold. (rC-)
You float through the air rather than walking.
You learn spells naturally, not from books.
Your magical power is your life essence.
You have superior vitality. (+4 MHP)


Message History

Press: ? - help, Q - select action, (/) - cycle Shift-Dir - straight line, f - quokka
Aim: a quokka You freeze the quokka.
The quokka is heavily wounded.
The quokka bites you.
Aiming: Freeze (safe; 2% risk of failure)
Press: ? - help, Q - select action, (/) - cycle Shift-Dir - straight line, f/p - quokka
Aim: a quokka (heavily wounded)
You freeze the quokka!
You kill the quokka!
Unknown command.
You now have 106 gold pieces (gained 10).
You see here a quokka corpse.
You start resting.
HP restored.
An ice beast comes into view.
Found an escape hatch in the ceiling.
Found 12 gold pieces.
Found 11 gold pieces and a twisted pearl ring.
You now have 118 gold pieces (gained 12).
A rat comes into view.
Aiming: Freeze (safe; 2% risk of failure)
Press: ? - help, Q - select action, (/) - cycle Shift-Dir - straight line, f - ice beast
Aim: an ice beast (asleep)
You freeze the ice beast but do no damage.
The ice beast completely resists.
The ice beast hits you. The ice beast freezes you!
You feel a terrible chill!
Aiming: Freeze (safe; 2% risk of failure)
Press: ? - help, Q - select action, (/) - cycle Shift-Dir - straight line, f/p - ice beast
Aim: an ice beast You freeze the ice beast but do no damage.
The ice beast completely resists.
The ice beast closely misses you.
You barely miss the ice beast.
The ice beast hits you but does no damage.
You hit the ice beast.
The ice beast is lightly wounded.
The ice beast hits you. The ice beast freezes you!
You feel a terrible chill!
Ouch! That really hurt!
You die...

#. ##.## ####.# #.#
..##.# #.# #.##.# #.#
#.##.## #.# ####
#<#...#########.#
.....##...............#
...=...Y#...###########
.....r.@##.##
..$........#
############


You could see an ice beast and a rat.

Vanquished Creatures
  An adder (D:2)
  3 dart slugs
  3 endoplasms
  A giant cockroach (D:1)
  7 hobgoblins
  2 jackals (D:2)
  4 quokkas
  6 ball pythons
  4 bats
  4 frilled lizards
  9 goblins
  6 kobolds
  6 rats
56 creatures vanquished.

Notes
Turn   | Place    | Note
-------+----------+-------------------------------------------
     0 | D:1      | Tsab79 the Djinni Ice Elementalist began the quest for the
                  | Orb.
     0 | D:1      | Tsab79 set off with the following spells memorised: Freeze,
                  | Frozen Ramparts, Ozocubu's Armour, Hailstorm.
     0 | D:1      | Reached XP level 1. HP: 15/15 MP: 0/0
   231 | D:1      | Reached XP level 2. HP: 18/21 MP: 0/0
  1808 | D:1      | Reached XP level 3. HP: 14/25 MP: 0/0
  1808 | D:1      | Learned a level 1 spell: Sandblast
  2941 | D:1      | Found a faded altar of an unknown god.
  3591 | D:2      | Reached skill level 4 in Spellcasting
  4410 | D:2      | Reached XP level 4. HP: 23/31 MP: 0/0
  6506 | D:3      | Noticed an ice beast
  6518 | D:3      | Slain by an ice beast

Illustrated notes

Levels and vault maps discovered:
D:1:      dpeg_arrival_arbitrary_c, layout_loops_ring,
          hellmonk_ecumenical_altar_blasted, grunt_decor_resistance
D:2:      layout_loops_ring
D:3:      layout_loops_ring

Skill      XL: |  1  2  3  4 |
---------------+-------------+-----
Spellcasting   | 4 |  4.2
Stealth        | 2 |  2.0
Short Blades   | |  0.2
Dodging        | |  2.5
Unarmed Combat | |  0.1

Action                   |  1- 3 |  4- 6 || total
-------------------------+-------+-------++-------
Melee: Unarmed           |     3 |       ||     3
       Dagger            |     5 |     1 ||     6
       Short sword       |       |     7 ||     7
 Cast: Freeze            |    64 |    26 ||    90
  Use: Scroll            |     1 |     2 ||     3
 Stab: Sleeping          |       |     1 ||     1
Armor: Robe              |    17 |     6 ||    23
Dodge: Dodged            |    44 |    11 ||    55
